 Dungeon Crawl Stone Soup version 0.28-a0-95-g65e1ffefe4 (webtiles) character file.

Game seed: 8583748721047520316

4453 Ezendos the Fighter (level 10, -8/180 HPs)
             Began as an Ogre Transmuter on Aug 8, 2021.
             Was an Initiate of Gozag.
             Mangled by a slime creature (15 damage)
             ... on level 12 of the Dungeon.
             The game lasted 00:21:59 (16911 turns).

Ezendos the Fighter (Ogre Transmuter)              Turns: 16911, Time: 00:22:00

Health: -8/180     AC: 25    Str: 16    XL:     10   Next: 37%
Magic:  15/15      EV:  1    Int: 16    God:    Gozag
Gold:   179        SH:  0    Dex: 10    Spells: 12/16 levels left

rFire   + . .      SeeInvis .   w - +5 halberd
rCold   . . .      Faith    .   (shield currently unavailable)
rNeg    + + +      Spirit   .   (armour currently unavailable)
rPois   +          Reflect  .   (helmet currently unavailable)
rElec   .          Harm     .   (cloak currently unavailable)
rCorr   .          Rampage  .   (gloves unavailable)
Will    +....      NoTele   +   (boots unavailable)
Stlth   ++........              (no amulet)
HPRegen 0.40/turn               g - ring of protection from fire
MPRegen 0.14/turn               b - +4 ring of evasion

@: tree-form, gold aura, hasted, very quick
A: stationary, stasis, torment immunity, boosted hp, large, unfitting armour,
(tough skin 1), (deformed body), mutation resistance 1
a: Renounce Religion, Potion Petition, Call Merchant, Bribe Branch


You were on level 12 of the Dungeon.
You worshipped Gozag.
Gozag was aware of your devotion.
You were a tree.
You visited 2 branches of the dungeon, and saw 11 of its levels.

You collected 1484 gold pieces.
You spent 222 gold pieces at shops.
You paid 1083 gold pieces to Gozag.

Inventory:

Hand Weapons
 w - a +5 halberd (weapon)
Missiles
 o - 6 javelins
 q - 34 poisoned darts (quivered)
Armour
 A - a +2 robe of cold resistance (melded)
Magical Staves
 e - a staff of poison
Jewellery
 b - a +4 ring of evasion (right branch)
 g - a ring of protection from fire (left branch)
 t - a ring of protection from fire
 y - a ring of flight
Wands
 a - a wand of charming (12)
 u - a wand of acid (13)
Scrolls
 c - a scroll of teleportation
 i - 3 scrolls of fear
 j - a scroll of torment
 r - a scroll of immolation
 v - 2 scrolls of blinking {unknown}
 x - a scroll of fog {unknown}
Potions
 d - 3 potions of cancellation
 f - 2 potions of brilliance
 h - a potion of haste
 m - a potion of heal wounds {unknown}
 p - a potion of mutation
 s - a potion of invisibility {unknown}
 z - a potion of resistance {unknown}


   Skills:
 + Level 13.7 Fighting
 - Level 8.3 Polearms
 - Level 2.0 Dodging
 - Level 2.0 Stealth
 - Level 3.0 Unarmed Combat
 - Level 3.8 Spellcasting
 - Level 3.0 Transmutations
 - Level 1.5 Poison Magic


You had 12 spell levels left.
You knew the following spells:

 Your Spells              Type           Power      Damage    Failure   Level
a - Beastly Appendage     Tmut           24%        N/A       4%          1
b - Spider Form           Tmut/Pois      5%         N/A       21%         3

Your spell library contained the following spells:

 Spells                   Type           Power      Damage    Failure   Level
 Wereblood                Tmut           12%        N/A       8%          2
 Ozocubu's Armour         Ice            3%         N/A       45%         3
 Ice Form                 Ice/Tmut       7%         N/A       67%         4
 Ozocubu's Refrigeration  Ice            1%         4d5       100%        7


Dungeon Overview and Level Annotations

Branches:
Dungeon (9/15)             Temple (1/1) D:7            Lair (0/6) D:8
    Orc: D:9-12

Altars:
Ashenzari
Gozag

Shops:
D:7 [

Annotations:
D:6 Eustachio


Innate Abilities, Weirdness & Mutations

You are a tree.
Your roots penetrate the ground, keeping you stationary.
You cannot be teleported.
You are immune to unholy pain and torment.
Your maximum health is greatly increased.
Your equipment is partially melded.
You are too large for most types of armour.
((You have tough skin. (AC +1)))
((Armour fits poorly on your strangely shaped body.))
You are somewhat resistant to further mutation.


Message History

The slime creature hits you!
* * * LOW HITPOINT WARNING * * *
You see here a book of the Hunter.
You impale the slime creature!!
The slime creature is moderately wounded.
The slime creature hits you but does no damage.
The slime creature completely misses you.
Okay, then.
You feel yourself speed up. The slime creature hits you.
* * * LOW HITPOINT WARNING * * *
The slime creature misses you.
You puncture the slime creature!
The slime creature is heavily wounded.
The slime creature hits you!
* * * LOW HITPOINT WARNING * * *
Really quaff the potion of lignification?
You turn into a tree.
Your +2 robe of cold resistance melds into your body.
You feel less resistant to cold.
Your roots penetrate the ground.
The slime creature hits you but does no damage.
You hit the slime creature.
The slime creature is severely wounded.
The slime creature hits you but does no damage. x2
You slash the slime creature!
The slime creature is almost dead.
The slime creature completely misses you.
The slime creature hits you!
* * * LOW HITPOINT WARNING * * *
You slash the slime creature!
The slime creature is almost dead.
The slime creature hits you!
* * * LOW HITPOINT WARNING * * *
You puncture the slime creature!
You kill the slime creature!
The slime creature hits you.
* * * LOW HITPOINT WARNING * * *
It was a potion of magic.
Magic courses through your body. The slime creature hits you!
You die...
Your body crumbles into a pile of gold.

####################
#......?.........J..
#........<.......c.$
#................c$.
#....$...........[..
#...J..$............
#..♣$...............
#.##################
#. #


You could see a slime creature.

Vanquished Creatures
  Joseph (D:7)
  Psyche (D:8)
  2 slime creatures (D:12)
  A steam dragon (D:6)
  3 water moccasins
  A hornet zombie (D:7)
  An orc warrior (D:7)
  3 ice beasts
  A black bear (D:5)
  2 sky beasts (D:6)
  2 ogres
  A phantom (D:7)
  6 centaurs
  A kobold brigand (D:5)
  4 bullfrogs
  A water moccasin zombie (D:6)
  2 scorpions
  4 killer bees (D:8)
  7 wights
  A bullfrog zombie (D:5)
  A hound (D:5)
  An orc priest (D:8)
  A gnoll shaman (D:4)
  3 jellies (D:7)
  2 bullfrog skeletons
  A centaur skeleton (D:7)
  2 iguanas
  Terence (D:3)
  A killer bee zombie (D:7)
  6 gnolls (D:5)
  6 adders
  A shadow imp (D:6)
  A white imp (D:6)
  An adder skeleton (D:4)
  5 worms
  4 dart slugs
  13 orcs
  6 endoplasms
  2 giant cockroaches
  2 goblins
  4 hobgoblins
  11 jackals
  8 quokkas
  6 ball pythons
  5 bats
  A frilled lizard (D:2)
  23 kobolds
  10 rats
173 creatures vanquished.

Vanquished Creatures (others)
  38 plants (D:4)
38 creatures vanquished.

Grand Total: 211 creatures vanquished

Notes
Turn   | Place    | Note
-------+----------+-------------------------------------------
     0 | D:1      | Ezendos the Ogre Transmuter began the quest for the Orb.
     0 | D:1      | Reached XP level 1. HP: 19/19 MP: 3/3
    59 | D:1      | Reached XP level 2. HP: 17/27 MP: 3/5
   287 | D:1      | Found a faded altar of an unknown god.
   291 | D:1      | Became a worshipper of Gozag Ym Sagoz the Greedy
   838 | D:1      | Reached skill level 2 in Fighting
   838 | D:1      | Reached XP level 3. HP: 30/35 MP: 7/7
  1667 | D:2      | Reached skill level 1 in Stealth
  1667 | D:2      | Reached XP level 4. HP: 34/44 MP: 8/8
  2481 | D:3      | Noticed Terence
  2593 | D:3      | Killed Terence
  2594 | D:3      | Reached skill level 3 in Fighting
  3384 | D:3      | Reached XP level 5. HP: 46/53 MP: 9/9
  3973 | D:4      | Reached skill level 4 in Fighting
  4871 | D:4      | Reached skill level 5 in Fighting
  4871 | D:4      | Reached XP level 6. HP: 43/66 MP: 10/10
  5432 | D:5      | Entered Level 5 of the Dungeon
  5682 | D:5      | Reached skill level 6 in Fighting
  7115 | D:5      | Reached skill level 7 in Fighting
  7246 | D:5      | Reached XP level 7. HP: 79/79 MP: 11/11
  7256 | D:5      | Reached skill level 8 in Fighting
  8681 | D:6      | Noticed a steam dragon
  8906 | D:6      | Reached skill level 9 in Fighting
  9230 | D:6      | Noticed Eustachio
  9244 | D:6      | Learned a level 3 spell: Spider Form
  9739 | D:7      | Reached XP level 8. HP: 88/92 MP: 10/12
  9761 | D:7      | Reached skill level 1 in Poison Magic
 10149 | D:6      | Reached skill level 1 in Polearms
 10785 | D:6      | Reached skill level 10 in Fighting
 12107 | D:6      | Reached skill level 5 in Polearms
 12107 | D:6      | Reached XP level 9. HP: 65/102 MP: 14/14
 12960 | D:7      | Reached skill level 11 in Fighting
 13297 | D:7      | Found a staircase to the Ecumenical Temple.
 13564 | D:7      | Found Mugiorup's Antique Armour Shoppe.
 13565 | D:7      | Noticed Joseph
 13584 | Temple   | Entered the Ecumenical Temple
 13677 | D:7      | Killed Joseph
 13969 | D:7      | Bought an embroidered robe for 111 gold pieces
 13969 | D:7      | Bought a runed robe for 111 gold pieces
 15144 | D:8      | Reached skill level 12 in Fighting
 15144 | D:8      | Reached XP level 10. HP: 103/115 MP: 15/15
 15198 | D:8      | Noticed a two-headed ogre
 16028 | D:8      | Found a broken altar of Ashenzari.
 16101 | D:8      | Noticed Psyche
 16154 | D:8      | HP: 3/117 [something (5)]
 16158 | D:8      | Killed Psyche
 16449 | D:8      | Found a staircase to the Lair.
 16456 | D:8      | Reached skill level 13 in Fighting
 16459 | D:8      | Gained mutation: You are somewhat resistant to further
                  | mutation. [potion of mutation]
 16459 | D:8      | Gained mutation: Armour fits poorly on your strangely
                  | shaped body. [potion of mutation]
 16874 | D:9      | You fall into a shaft and drop 3 floors!
 16909 | D:12     | HP: 8/178 [slime creature (8)]
 16911 | D:12     | Mangled by a slime creature

Illustrated notes

Levels and vault maps discovered:
D:1:      dpeg_arrival_ratfight, layout_basic, shapermc_ecumenical_altar_venn
D:2:      layout_loops_ring, chequers_serial_rivers_small_a, minmay_pentomino_q2
D:3:      layout_loops_ring, portal_sewer_entry_d,
          chequers_serial_rivers_room_b, grunt_ministairs_2, uniq_terence
D:4:      kennysheep_kobold_camp, layout_basic, chequers_serial_rivers_micro_a
D:5:      layout_rooms
D:6:      layout_loops_corners, grunt_ministairs_2, minivault_4, uniq_eustachio
D:7:      layout_rooms, minmay_temple_entry_statues_pillars, serial_shops, shop,
          uniq_joseph
D:8:      layout_loops_ring, ashenzari_altar_1, lair_entry_dummy, uniq_psyche
D:9:      layout_roguey, zombieorc2_lemuel, lemuel_flame_loot_1
D:12:     layout_long_grid
Temple:   kilobyte_greek_temple

Skill      XL: |  1  2  3  4  5  6  7  8  9 10 |
---------------+-------------------------------+-----
Dodging        | 2 |  2.0
Transmutations | 2 3 |  3.0
Fighting       | 2 3 5 7 9 10 12 13 | 13.7
Unarmed Combat | 3 |  3.0
Stealth        | 1 2 |  2.0
Spellcasting   | 3 |  3.8
Poison Magic   | 1 |  1.5
Polearms       | 5 8 |  8.3

Action                   |  1- 3 |  4- 6 |  7- 9 | 10-12 || total
-------------------------+-------+-------+-------+-------++-------
Melee: Unarmed           |   102 |   284 |   139 |     9 ||   534
       Headbutt          |     9 |    30 |    26 |       ||    65
       Kick              |    14 |    39 |    28 |       ||    81
       Punch             |       |     3 |     2 |       ||     5
       Halberd           |       |       |   192 |    60 ||   252
       Staff             |       |       |       |     6 ||     6
Throw: Dart              |       |     8 |     9 |       ||    17
 Cast: Beastly Appendage |    20 |    40 |    18 |       ||    78
       Spider Form       |       |       |     3 |       ||     3
Invok: Potion Petition   |       |     1 |       |     2 ||     3
Evoke: Wand              |       |       |     2 |       ||     2
  Use: Scroll            |     2 |     4 |     5 |     3 ||    14
       Potion            |       |     1 |     1 |     7 ||     9
 Stab: Distracted        |       |     1 |       |       ||     1
       Sleeping          |       |       |     2 |     1 ||     3
Armor: Robe              |    25 |    63 |    60 |    18 ||   166
       Skin              |       |       |       |     3 ||     3
Dodge: Dodged            |    50 |   212 |   315 |    73 ||   650

Table legend: (Time is in decaauts)
 A = Elapsed time spent in this place.
 B = Non-inter-level travel time spent in this place.
 C = Inter-level travel time spent in this place.
 D = Time resting spent in this place.
 E = Time spent auto-exploring this place.
 F = Levels seen in this place.
 G = Mean time per level.
                   A        B        C        D        E       F      G
               +--------+--------+--------+--------+--------+-----+--------+
         Total |  16970 |  16474 |    496 |   4801 |   8698 |  11 | 1542.7 |
       Dungeon |  16872 |  16376 |    496 |   4719 |   8698 |  10 | 1687.2 |
        Temple |     97 |     97 |      0 |     82 |      0 |   1 |   97.0 |
               +--------+--------+--------+--------+--------+-----+--------+

Top non-repeatable levels by time:
     D:5: 3140 daAuts
     D:6: 2841 daAuts
     D:7: 2540 daAuts
     D:4: 2257 daAuts
     D:3: 1741 daAuts
     D:8: 1715 daAuts
     D:2: 1400 daAuts
     D:1: 1183 daAuts
  Temple: 97 daAuts
    D:12: 36 daAuts
     D:9: 14 daAuts
